 Dungeon Crawl Stone Soup version 0.27.0-1-g7a089689b8 (webtiles) character file.

Game seed: 9437839790481893768

18 EnegeticOcto the Covered (level 2, 27/27 HPs)
             Began as a Minotaur Fighter on Aug 9, 2021.
             Was a Follower of Vehumet.
             Quit the game on level 1 of the Dungeon.
             The game lasted 00:00:20 (530 turns).

EnegeticOcto the Covered (Minotaur Fighter)          Turns: 530, Time: 00:00:20

Health: 27/27      AC:  7    Str: 20    XL:     2   Next: 51%
Magic:  1/1        EV:  7    Int:  5    God:    Vehumet [*.....]
Gold:   8          SH:  9    Dex:  9    Spells: 1/1 levels left

rFire    . . .     SeeInvis .   a - +0 war axe
rCold    . . .     Faith    .   c - +0 kite shield
rNeg     . . .     Spirit   .   b - +0 scale mail
rPois    .         Reflect  .   (helmet restricted)
rElec    .         Harm     .   (no cloak)
rCorr    .         Rampage  .   (no gloves)
Will     .....                  (no boots)
Stlth    ..........             (no amulet)
HPRegen  0.09/turn              (no ring)
MPRegen  0.07/turn              (no ring)

@: no status effects
A: horns 2, retaliatory headbutt
a: Renounce Religion


You were on level 1 of the Dungeon.
You worshipped Vehumet.
Vehumet was aware of your devotion.
You visited 1 branch of the dungeon, and saw 1 of its levels.

You collected 8 gold pieces.

Inventory:

Hand Weapons
 a - a +0 war axe (weapon)
Armour
 b - a +0 scale mail (worn)
 c - a +0 kite shield (worn)
Scrolls
 f - a scroll of amnesia {unknown}
Potions
 d - a potion of might {@q3}
 e - a potion of magic {unknown}


   Skills:
 + Level 3.9 Fighting
 * Level 3.1 Axes
 + Level 3.9 Armour
 + Level 3.9 Shields


You had one spell level left.
You didn't know any spells.
Your spell library was empty.

Dungeon Overview and Level Annotations

Branches:
Dungeon (1/15)

Altars:
Vehumet

Shops:
D:1 *


Innate Abilities, Weirdness & Mutations

You have a pair of horns on your head.
You reflexively headbutt those who attack you in melee.


Message History

No target in view!
No target in view!
No target in view!
No target in view!
f - a scroll labelled TUOZUH ADOQENA You see here a ball python corpse.
A bat comes into view.
A bat is nearby!
A bat is nearby!
The bat closely misses you. You furiously retaliate!
You headbutt the bat. The bat barely misses you.
You closely miss the bat. You headbutt the bat.
You kill the bat!
No target in view!
No target in view!
A kobold comes into view. It is wielding a +0 dagger.
The kobold shouts!
A kobold is nearby!
A kobold is nearby!
A kobold is nearby!
You block the kobold's attack.
You barely miss the kobold. The kobold hits you with a +0 dagger.
The kobold barely misses you.
You hit the kobold.
You kill the kobold!
No target in view!
No target in view!
No target in view!
No target in view!
You see here a +0 dagger.
You open the door.
There is an open door here.
You open the door.
Found a stone staircase leading down.
There is an open door here.
You open the door.
There is an open door here.
As you open the door, it creaks loudly!
There is an open door here.
Found Voud's Assorted Antiques.
A giant cockroach comes into view.
The giant cockroach barely misses you. You furiously retaliate!
You headbutt the giant cockroach!
You kill the giant cockroach!
You see here a giant cockroach corpse.
You now have 8 gold pieces.
There is an entrance to Voud's Assorted Antiques here.
A frilled lizard comes into view.
The frilled lizard hisses angrily.
A frilled lizard is nearby!
A frilled lizard is nearby!
A frilled lizard is nearby!
A frilled lizard is nearby!
A frilled lizard is nearby!
A rat comes into view.
You closely miss the frilled lizard.
Your headbutt misses the frilled lizard.
The frilled lizard bites you but does no damage.
You block the frilled lizard's attack.
You closely miss the frilled lizard.
The frilled lizard bites you but does no damage.
You hit the frilled lizard.
You kill the frilled lizard!
You slash the rat!
You kill the rat!
You see here a frilled lizard corpse.
You open the door. You open the door.
Found a faded altar of an unknown god.
There is an open door here.
A bat comes into view.
A bat is nearby!
You barely miss the bat. You headbutt the bat, but do no damage.
The bat hits you but does no damage. You block the bat's attack.
You barely miss the bat. The bat hits you but does no damage.
You block the bat's attack.
You closely miss the bat. You headbutt the bat.
You kill the bat!
No target in view!
No target in view!
No target in view!
No target in view!
No target in view!
No target in view!
No target in view!
No target in view!
No target in view!
No target in view!
Press: ? - help, . - travel You can't see that place. [a faded altar of an unknown god.]
You see here a bat corpse.
There is an open door here.
There is a faded altar of an unknown god here.
You cannot tell which god this altar belongs to.
Convert to them anyway?
Vehumet accepts your prayer! Vehumet welcomes you!
You can now gain magical power from killing.
Vehumet offers you knowledge of Magic Dart.
Are you sure you want to abandon this character and quit the game? (Confirm with "yes".)

#######.#########..#
^.........#..#.8#..#
#....#..'..#..#
#.†#8#..#.8#..#
#..####.####.##
#..#.......#.#
#..#.........#
#..#..######.#
#...#.#@...#.#
#...#.###'##.#
#...#......#.#
#....#.....#.#
#....#######.#
#....# ### ######


There were no monsters in sight!

Vanquished Creatures
  2 giant cockroaches (D:1)
  A hobgoblin (D:1)
  4 jackals (D:1)
  3 kobolds (D:1)
  A quokka (D:1)
  A ball python (D:1)
  2 bats (D:1)
  A frilled lizard (D:1)
  2 rats (D:1)
17 creatures vanquished.

Notes
Turn   | Place    | Note
-------+----------+-------------------------------------------
     0 | D:1      | EnegeticOcto the Minotaur Fighter began the quest for the
                  | Orb.
     0 | D:1      | Reached XP level 1. HP: 19/19 MP: 0/0
    30 | D:1      | Reached XP level 2. HP: 9/27 MP: 1/1
   432 | D:1      | Found Voud's Assorted Antiques.
   497 | D:1      | Found a faded altar of an unknown god.
   529 | D:1      | Became a worshipper of Vehumet
   529 | D:1      | Reached * piety under Vehumet
   529 | D:1      | Offered knowledge of Magic Dart by Vehumet.
   530 | D:1      | Quit the game

Illustrated notes

Levels and vault maps discovered:
D:1:      dpeg_arrival_simpleton_a, layout_basic, serial_shops,
          nicolae_shop_overgrown_old_shop, shapermc_ecumenical_altar_mp_vishouse

Skill      XL: |  1  2 |
---------------+-------+-----
Axes           | 3 |  3.1
Fighting       | |  3.9
Armour         | |  3.9
Shields        | |  3.9

Action                   || total
-------------------------++-------
Melee: War axe           ||    33
       Headbutt          ||     5
Armor: Scale mail        ||    27
Dodge: Dodged            ||    19
Block: Kite shield       ||    20
